 Dungeon Crawl Stone Soup version 0.29-a0-317-gd16b76e6b1 (webtiles) character file.

Game seed: 17261708503602535139

1004 kae the Firebug (level 8, -1/45 HPs)
             Began as a Tengu Fire Elementalist on Mar 31, 2022.
             Slain by a wraith (6 damage)
             ... on level 6 of the Dungeon.
             The game lasted 00:05:00 (7351 turns).

kae the Firebug (Tengu Fire Elementalist)           Turns: 7351, Time: 00:05:00

Health: -1/45      AC:  3    Str:  8    XL:     8   Next: 20%
Magic:  3/14       EV: 17    Int: 19    God:
Gold:   285        SH:  0    Dex: 20    Spells: 1/14 levels left

rFire   + . .      SeeInvis .   d - staff of fire
rCold   . . .      Faith    .   (no shield)
rNeg    . . .      Spirit   .   a - +1 robe
rPois   .          Reflect  .   (helmet restricted)
rElec   .          Harm     .   (no cloak)
rCorr   .          Rampage  .   (no gloves)
Will    .....                   (boots unavailable)
Stlth   ++........              (no amulet)
HPRegen 0.15/turn               u - +6 ring of dexterity
MPRegen 0.14/turn               (no ring)

@: flying quickly and evasively, slowed, very slow
A: beak, talons 3, nimble flight
a: no special abilities


You were on level 6 of the Dungeon.
You visited 1 branch of the dungeon, and saw 6 of its levels.
You also visited: Sewer.

You collected 285 gold pieces.

Inventory:

Hand Weapons
 i - a +1 spear
Missiles
 e - a throwing net
Armour
 a - a +1 robe (worn)
Magical Staves
 d - a staff of fire (weapon)
Jewellery
 t - a ring of ice
 u - a +6 ring of dexterity (left hand)
 v - a +4 ring of slaying
Wands
 h - a wand of flame (26)
 j - a wand of acid (5)
 m - a wand of iceblast (23)
Scrolls
 k - 2 scrolls of enchant armour
 s - a scroll of fog
 w - 2 scrolls of teleportation
Potions
 b - a potion of magic
 c - a potion of cancellation
 f - 2 potions of attraction
 g - 2 potions of brilliance
 l - 2 potions of degeneration
 n - a potion of resistance
 o - a potion of curing
 p - a potion of flight {unknown}
 q - a potion of ambrosia {unknown}
 r - 2 potions of heal wounds
 x - a potion of berserk rage {unknown}
 z - a potion of invisibility


   Skills:
 + Level 2.9 Fighting
 + Level 3.1 Armour
 + Level 4.2 Dodging
 - Level 2.0 Stealth
 + Level 3.5 Spellcasting
 + Level 4.2 Conjurations
 * Level 6.3 Fire Magic
 + Level 2.4 Evocations


You had one spell level left.
You knew the following spells:

 Your Spells              Type           Power      Damage    Failure   Level
a - Foxfire               Conj/Fire      100%       2x1d9     1%          1
b - Scorch                Fire           80%        2d9       1%          2
c - Conjure Flame         Conj/Fire      35%        6-21      4%          3
d - Inner Flame           Hex/Fire       22%        N/A       12%         3
e - Flame Wave            Conj/Fire      35%        2d8       16%         4

Your spell library contained the following spells:

 Spells                   Type           Power      Damage    Failure   Level
 Shock                    Conj/Air       44%        1d5       6%          1
 Sting                    Tmut/Pois      12%        1d3       14%         1
 Poisonous Vapours        Pois/Air       6%         N/A       22%         2
 Ozocubu's Armour         Ice            3%         N/A       41%         3
 Swiftness                Air            3%         N/A       41%         3
 Airstrike                Air            1%         N/A       82%         4
 Cause Fear               Hex            1%         N/A       82%         4
 Olgreb's Toxic Radiance  Pois           3%         N/A       82%         4
 Metabolic Englaciation   Hex/Ice        1%         N/A       99%         5
 Simulacrum               Ice/Necr       1%         N/A       100%        6
 Dragon Form              Tmut           1%         N/A       100%        7
 Dragon's Call            Summ           1%         N/A       100%        9


Dungeon Overview and Level Annotations

Branches:
Dungeon (6/15)              Sewer (visited)
 Temple: D:4-7

Altars:
Cheibriados
Okawaru
Wu Jian
Yredelemnul


Innate Abilities, Weirdness & Mutations

You have a beak for a mouth.
You have claws for feet.
Your magical nature lets you fly swiftly and evasively.


Message History

You are very lightly contaminated with residual magic.
Nothing appears to happen.
Casting: Scorch (safe; 1% risk of failure)
Confirm with . or Enter, or press ? or * to list all spells.
You feel a surge of power!
Flames lash the wraith.
The wraith is lightly damaged.
The wraith's fire resistance burns away.
Casting: Scorch (safe; 1% risk of failure)
Confirm with . or Enter, or press ? or * to list all spells.
You feel a surge of power!
Flames lash the wraith.
The wraith is burned terribly!
The wraith is heavily damaged.
The wraith completely misses you. The wraith hits you!
The wraith drains your vigour!
You feel yourself slow down.
Casting: Scorch (safe; 1% risk of failure)
Confirm with . or Enter, or press ? or * to list all spells.
You feel a surge of power!
Flames lash the wraith.
The wraith is burned terribly!
The wraith is severely damaged.
The wraith closely misses you. The wraith hits you!
The wraith drains your vigour!
You feel as though you will be slow longer.
The wraith misses you.
Your magical contamination has completely faded away.
Casting: Scorch (safe; 1% risk of failure)
Confirm with . or Enter, or press ? or * to list all spells.
You feel a surge of power!
Flames lash the wraith.
The wraith is burned terribly!
The wraith is almost destroyed.
The wraith hits you! The wraith hits you. The wraith barely misses you.
Casting: Scorch (safe; 1% risk of failure)
Confirm with . or Enter, or press ? or * to list all spells.
You feel a surge of power!
Flames lash the wraith but do no damage.
The wraith hits you!
* * * LOW HITPOINT WARNING * * *
The wraith hits you.
You die...

.# .# # #.#
#.######.##
#.........
#>....[#.#
+......#.#
#.@..# #W#..#
#.#..# #.##.##
#. #..# ..
#..## ### ##
#...#
.....#####.#.##
.........#.#..#


You could see a wraith (combustible).

Vanquished Creatures
  A black bear (D:5)
  An ogre (D:5)
  2 scorpions (D:5)
  2 necrophages (D:5)
  A jelly (D:5)
  2 hounds (D:5)
  A gnoll shaman (D:3)
  2 iguanas
  3 orc wizards
  9 gnolls
  5 river rats (Sewer)
  11 adders
  A shadow imp (D:6)
  An ufetubus (D:6)
  6 worms
  5 orcs
  5 ball pythons
  6 endoplasms
  4 giant cockroaches
  5 goblins
  10 hobgoblins
  4 quokkas
  2 bats
  11 frilled lizards
  5 kobolds
  14 rats
  A spectral orc (D:3)
120 creatures vanquished.

Vanquished Creatures (collateral kills)
  A foxfire (D:2)
1 creature vanquished.

Vanquished Creatures (others)
  332 foxfires
332 creatures vanquished.

Grand Total: 453 creatures vanquished

Notes
Turn   | Place    | Note
-------+----------+-------------------------------------------
     0 | D:1      | kae the Tengu Fire Elementalist began the quest for the
                  | Orb.
     0 | D:1      | Reached XP level 1. HP: 10/10 MP: 4/4
   302 | D:1      | Reached XP level 2. HP: 15/15 MP: 3/6
   580 | D:1      | Reached XP level 3. HP: 14/20 MP: 1/7
  1449 | D:2      | Reached skill level 4 in Fire Magic
  1517 | D:2      | Learned a level 2 spell: Scorch
  1521 | D:2      | Learned a level 3 spell: Conjure Flame
  2078 | D:2      | Reached XP level 4. HP: 24/24 MP: 5/8
  2182 | D:2      | Found a faded altar of an unknown god.
  2289 | D:2      | Reached skill level 1 in Armour
  2767 | D:3      | Reached skill level 1 in Fighting
  3222 | D:3      | Found an iron altar of Okawaru.
  3222 | D:3      | Found an ornate altar of the Wu Jian Council.
  3424 | D:3      | Found a basalt altar of Yredelemnul.
  3625 | D:4      | Identified a scroll of acquirement
  3625 | D:4      | Acquired a staff of fire
  3644 | D:3      | Gained mutation: Your magical nature lets you fly swiftly
                  | and evasively. [Tengu growth]
  3644 | D:3      | Reached XP level 5. HP: 20/29 MP: 6/9
  4259 | D:4      | Reached XP level 6. HP: 31/34 MP: 4/11
  4428 | D:4      | Reached skill level 1 in Evocations
  4537 | D:4      | Found a snail-covered altar of Cheibriados.
  4558 | D:4      | Reached skill level 5 in Fire Magic
  4924 | D:5      | Entered Level 5 of the Dungeon
  5200 | D:5      | Reached XP level 7. HP: 34/40 MP: 5/12
  5553 | D:5      | Found a glowing drain.
  5557 | Sewer    | Entered a sewer
  6523 | D:5      | Reached skill level 6 in Fire Magic
  6529 | D:5      | Reached XP level 8. HP: 45/45 MP: 8/14
  6830 | D:5      | Learned a level 3 spell: Inner Flame
  6835 | D:5      | Learned a level 4 spell: Flame Wave
  7341 | D:6      | Noticed a wraith
  7351 | D:6      | Slain by a wraith

Illustrated notes

Levels and vault maps discovered:
D:1:      scummos_arrival_forest, layout_loops_ring, serial_bayou_pond_d,
          serial_bayou_lake_a
D:2:      layout_loops_ring, serial_aquarium, aquarium_bridge_square
          [aquarium_subvault_bridge, aquarium_subvault_wall,
          aquarium_subvault_bridge, aquarium_subvault_balcony],
          aquarium_bridge_long_joined [aquarium_subvault_bridge,
          aquarium_subvault_bridge, aquarium_subvault_balcony,
          aquarium_subvault_balcony, aquarium_subvault_wall,
          aquarium_subvault_window], aquarium_window_2, aquarium_window_fake,
          aquarium_view_2a, aquarium_balcony_double_2, aquarium_pool_2,
          shapermc_ecumenical_altar_rom_forum
D:3:      layout_rooms, yredelemnul_forgotten_temple_becter,
          mainiacjoe_overflow_catwalk_spiral, minmay_ruptured
D:4:      layout_cave_pools, mainiacjoe_overflow_concentric_impassable,
          hangedman_abyss_or_decor_slice
D:5:      layout_rooms, gup_sewer_entry_spiral, minmay_starry_boxes
D:6:      layout_basic, minmay_temple_entry_hall

Skill      XL: |  1  2  3  4  5  6  7 |
---------------+----------------------+-----
Conjurations   | 2 3 4 |  4.2
Fire Magic     | 4 5 6 |  6.3
Armour         | 1 2 3 |  3.1
Fighting       | 1 2 |  2.9
Dodging        | 3 4 |  4.2
Evocations     | 1 2 |  2.4
Spellcasting   | 3 |  3.5
Stealth        | |  2.0

Action                   |  1- 3 |  4- 6 |  7- 9 || total
-------------------------+-------+-------+-------++-------
Melee: Unarmed           |    10 |       |       ||    10
       Kick              |     3 |     5 |    11 ||    19
       Peck              |     5 |     2 |     6 ||    13
       Spear             |    10 |    15 |       ||    25
       Staff             |       |     1 |    32 ||    33
       Punch             |       |       |     1 ||     1
 Cast: Foxfire           |    75 |    95 |    44 ||   214
       Scorch            |       |    26 |    32 ||    58
       Conjure Flame     |       |     1 |     1 ||     2
Evoke: Wand              |       |     3 |       ||     3
  Use: Scroll            |     3 |     9 |     4 ||    16
       Potion            |       |     1 |     2 ||     3
 Stab: Invisible         |       |       |     4 ||     4
Armor: Robe              |    11 |    10 |    11 ||    32
Dodge: Dodged            |    39 |    41 |    65 ||   145

Table legend: (Time is in decaauts)
 A = Elapsed time spent in this place.
 B = Non-inter-level travel time spent in this place.
 C = Inter-level travel time spent in this place.
 D = Time resting spent in this place.
 E = Time spent auto-exploring this place.
 F = Levels seen in this place.
 G = Mean time per level.
                   A        B        C        D        E       F      G
               +--------+--------+--------+--------+--------+-----+--------+
         Total |   7233 |   7106 |    127 |    802 |   5178 |   7 | 1033.3 |
       Dungeon |   6456 |   6329 |    127 |    655 |   4684 |   6 | 1076.0 |
         Sewer |    776 |    776 |      0 |    147 |    493 |   1 |  776.0 |
               +--------+--------+--------+--------+--------+-----+--------+

Top non-repeatable levels by time:
     D:2: 1432 daAuts
     D:5: 1409 daAuts
     D:3: 1357 daAuts
     D:1: 1229 daAuts
     D:4: 897 daAuts
   Sewer: 776 daAuts
     D:6: 130 daAuts
